 Dungeon Crawl Stone Soup version 0.29.0 (webtiles) character file.

Game seed: 15550728148308075763

20654 catcat the Brawler (level 12, -6/115 HPs)
             Began as a Troll Berserker on Sept 11, 2022.
             Was a High Priest of Trog.
             Killed from afar by a rime drake (16 damage)
             ... with a flash freeze
             ... on level 3 of the Lair of Beasts.
             The game lasted 00:25:30 (12745 turns).

catcat the Brawler (Troll Berserker)               Turns: 12745, Time: 00:25:31

Health: -6/115     AC:  7    Str: 32    XL:     12   Next: 47%
Magic:  11/11      EV:  9    Int:  3    God:    Trog [*****.]
Gold:   788        SH:  9    Dex:  9    Spells: 11/11 levels left

rFire   . . .      SeeInvis .     - Unarmed
rCold   . . .      Faith    .   R - +0 kite shield {reflect}
rNeg    . . .      Spirit   .   N - +1 troll leather armour
rPois   .          Reflect  +   (helmet restricted)
rElec   .          Harm     .   (no cloak)
rCorr   .          Rampage  .   (gloves unavailable)
Will    .....                   (boots unavailable)
Stlth   +.........              (no amulet)
HPRegen 1.89/turn               (no ring)
MPRegen 0.12/turn               (no ring)

@: on berserk cooldown, slowed, very slow
A: large, unfitting armour, claws 3, regeneration 1, shaggy fur 1, tough skin 1
a: Renounce Religion, Berserk, Trog's Hand, Brothers in Arms


You were on level 3 of the Lair of Beasts.
You worshipped Trog.
Trog was extremely pleased with you.
You visited 2 branches of the dungeon, and saw 14 of its levels.
You also visited: Sewer, Bailey and Ice Cave.

You collected 788 gold pieces.

Inventory:

Hand Weapons
 o - a +1 dagger of speed
 r - a +1 whip of freezing
 x - a +3 flail of draining
 A - a +3 rapier of electrocution
Missiles
 b - 13 poisoned darts
 u - 19 boomerangs (quivered)
 w - 2 throwing nets
 I - 3 boomerangs of dispersal
 M - 11 large rocks
Armour
 a - a +0 animal skin
 N - a +1 troll leather armour (worn)
 P - +0 acid dragon scales
 R - a +0 kite shield of reflection (worn)
Jewellery
 k - a ring of ice
 B - a ring of fire
 T - a ring of fire
Wands
 i - a wand of charming (18)
 m - a wand of polymorph (5)
 H - a wand of flame (21)
 J - a wand of roots (25)
 Q - a wand of acid (15)
Scrolls
 e - 11 scrolls of teleportation
 g - a scroll of acquirement {unknown}
 h - a scroll of vulnerability
 l - 6 scrolls of magic mapping
 n - 3 scrolls of immolation
 p - 5 scrolls of poison
 t - a scroll of blinking
 v - 4 scrolls of enchant armour
 y - 2 scrolls of enchant weapon
 E - a scroll of summoning
 G - a scroll of silence {unknown}
 L - 2 scrolls of fog
Potions
 c - 6 potions of curing
 d - a potion of haste
 f - 4 potions of might
 j - 2 potions of invisibility
 q - a potion of magic
 s - a potion of flight
 z - 3 potions of ambrosia
 C - 2 potions of lignification
 D - 3 potions of heal wounds
 F - 3 potions of brilliance {unknown}
 K - 3 potions of mutation
 O - a potion of attraction {unknown}
 S - 2 potions of berserk rage {unknown}


   Skills:
 * Level 6.3 Fighting
 - Level 6.0 Throwing
 - Level 4.0 Armour
 - Level 4.0 Dodging
 - Level 8.0 Shields
 + Level 15.4 Unarmed Combat


You had 11 spell levels left.
You didn't know any spells.
Your spell library was empty.

Dungeon Overview and Level Annotations

Branches:
Dungeon (11/15)            Temple (0/1) D:4            Lair (3/5) D:10
 Spider (0/4) Lair:2          Orc (0/2) D:10          Sewer (visited)
 Bailey (visited)           IceCv (visited)
  Swamp: Lair:2-3    Shoals: Lair:2-3

Altars:
Cheibriados
Elyvilon
Hepliaklqana
Kikubaaqudgha
Qazlal
Ru
Trog
Vehumet
Xom
Zin
The Shining One

Shops:
D:5 *   D:10 (


Innate Abilities, Weirdness & Mutations

You are too large for most types of armour.
You have claws for hands.
Your natural rate of healing is unusually fast.
You are covered in fur. (AC +1)
You have tough skin. (AC +1)


Message History

You eviscerate the yak!!!
The yak is almost dead.
A komodo dragon comes into view.
You block the yak's attack. x2
The komodo dragon hisses angrily.
You mangle the yak!!
You kill the yak!
Trog accepts your kill. The rime drake breathes ice at you.
The flash freeze hits you!
* * * LOW HITPOINT WARNING * * *
You are encased in ice.
You eviscerate the yak!!!
You kill the yak!
Trog accepts your kill.
You barely miss the yak. You eviscerate the yak!!!
The yak is almost dead.
You block the yak's attack. The yak gores you!
* * * LOW HITPOINT WARNING * * *
You eviscerate the yak!!!
You kill the yak!
Trog accepts your kill.
You claw the yak!
The yak is heavily wounded.
You block the yak's attack.
You barely miss the yak.
The yak is heavily wounded.
The ice encasing you melts away.
You closely miss the rime drake. You block the rime drake's attack.
The yak gores you!
* * * LOW HITPOINT WARNING * * *
You scratch the rime drake.
The rime drake is lightly wounded.
You are no longer berserk.
You are exhausted.
You feel yourself slow down. The rime drake breathes ice at you.
The flash freeze hits you!
You die...

#.##.####..♣~....~
.......<.)...~~~.~
.........<♣..~~~~.
..........~..~~~.~
##.......†....~..~
#P.......~~~~.~~.
#.......†.~~...~.
#....##k..~~....~
....##@Yl.~~...~.
.... ###....~~~~.
... ##...~~~~. ..
#.#...~ ....♣.
.#... ..


You could see a komodo dragon, a yak and a rime drake (catching breath).

Vanquished Creatures
  2 two-headed ogres (D:9)
  Pikel (D:7)
  2 orc knights (Bailey)
  2 cyclopes (D:11)
  4 elephants (Lair:2)
  A black mamba (Lair:2)
  An ice statue (IceCv)
  2 cane toads
  An ice devil (IceCv)
  2 komodo dragons
  2 anaconda simulacra (IceCv)
  2 trolls
  4 blink frogs (Lair:1)
  A wyvern (D:9)
  23 yaks
  A steam dragon (D:9)
  2 death yak simulacra (IceCv)
  Menkaure (D:6)
  2 harpy simulacra (IceCv)
  5 vampire mosquitoes
  Edmund (D:5)
  A hydra simulacrum (IceCv)
  7 water moccasins
  An acid dragon (D:8)
  Pargi (Sewer)
  13 orc warriors
  3 ice beasts
  2 sky beasts
  An ogre (D:4)
  4 centaurs
  A phantom (D:5)
  4 kobold brigands
  17 bullfrogs
  2 necrophages
  4 two-headed ogre simulacra (IceCv)
  4 scorpions
  9 killer bees (D:9)
  4 elephant simulacra (IceCv)
  An electric eel (D:10)
  7 howler monkeys
  5 hounds
  3 jellies (D:6)
  7 orc priests
  A gnoll bouda (D:8)
  An iguana (D:7)
  10 orc wizards
  3 polar bear simulacra (IceCv)
  3 troll simulacra (IceCv)
  3 spriggan simulacra (IceCv)
  11 gnolls
  10 adders
  3 river rats (D:6)
  3 naga simulacra (IceCv)
  18 white imps
  10 ufetubi (IceCv)
  6 worms
  5 dart slugs
  56 orcs
  7 ball pythons
  5 endoplasms
  A giant cockroach (D:3)
  3 goblins
  6 hobgoblins
  2 jackals (D:5)
  18 kobolds
  2 quokkas
  13 bats
  11 frilled lizards
  12 rats
386 creatures vanquished.

Vanquished Creatures (others)
  2 fungi
  3 plants
5 creatures vanquished.

Grand Total: 391 creatures vanquished

Notes
Turn   | Place    | Note
-------+----------+-------------------------------------------
     0 | D:1      | catcat the Troll Berserker began the quest for the Orb.
     0 | D:1      | Reached XP level 1. HP: 22/22 MP: 0/0
   140 | D:1      | Reached XP level 2. HP: 29/29 MP: 1/1
   342 | D:1      | Found a faded altar of an unknown god.
   435 | D:1      | Reached skill level 4 in Unarmed Combat
   773 | D:2      | Reached ** piety under Trog
   834 | D:2      | Reached XP level 3. HP: 36/36 MP: 2/2
  1347 | D:3      | Reached XP level 4. HP: 44/44 MP: 3/3
  1385 | D:3      | Reached skill level 5 in Unarmed Combat
  1587 | D:3      | Reached XP level 5. HP: 50/50 MP: 4/4
  1666 | D:3      | Noticed a centaur
  1670 | D:3      | Killed a centaur
  1671 | D:3      | Reached skill level 6 in Unarmed Combat
  2140 | D:4      | Reached XP level 6. HP: 59/59 MP: 5/5
  2148 | D:4      | Reached skill level 7 in Unarmed Combat
  2208 | D:4      | Found a staircase to the Ecumenical Temple.
  2502 | D:4      | Reached *** piety under Trog
  2543 | D:4      | Reached XP level 7. HP: 26/66 MP: 6/6
  2868 | D:5      | Entered Level 5 of the Dungeon
  3006 | D:5      | Noticed Edmund
  3013 | D:5      | Killed Edmund
  3014 | D:5      | Reached skill level 8 in Unarmed Combat
  3512 | D:5      | Reached XP level 8. HP: 76/76 MP: 7/7
  3696 | D:5      | Reached skill level 9 in Unarmed Combat
  3844 | D:5      | Found a shimmering altar of Xom.
  3850 | D:5      | Found Igugh's Assorted Antiques.
  4031 | D:6      | Reached skill level 1 in Throwing
  4116 | D:6      | Found a glowing drain.
  4127 | Sewer    | Entered a sewer
  4149 | Sewer    | Noticed Pargi
  4153 | Sewer    | Killed Pargi
  4577 | D:6      | Reached skill level 10 in Unarmed Combat
  4661 | D:6      | Found a glowing silver altar of Zin.
  4667 | D:6      | Found an ancient bone altar of Kikubaaqudgha.
  4670 | D:6      | Found a glowing golden altar of the Shining One.
  4670 | D:6      | Found a radiant altar of Vehumet.
  4678 | D:6      | Found a stormy altar of Qazlal.
  4703 | D:6      | Reached XP level 9. HP: 79/85 MP: 8/8
  4718 | D:6      | Reached **** piety under Trog
  4740 | D:6      | Found a hazy altar of Hepliaklqana.
  4885 | D:6      | Noticed Menkaure
  4891 | D:6      | Killed Menkaure
  4897 | D:6      | Reached skill level 5 in Fighting
  5647 | D:7      | Found a white marble altar of Elyvilon.
  5683 | D:7      | Noticed a troll
  5690 | D:7      | Killed a troll
  5691 | D:7      | Reached skill level 11 in Unarmed Combat
  5737 | D:7      | Noticed Pikel
  5749 | D:7      | Killed Pikel
  5750 | D:7      | Reached skill level 1 in Armour
  5852 | D:7      | Found a snail-covered altar of Cheibriados.
  5857 | D:7      | Found a sacrificial altar of Ru.
  6013 | D:7      | Found the +18 Lear's hauberk
  6796 | D:8      | Reached XP level 10. HP: 96/96 MP: 9/9
  6986 | D:8      | Reached skill level 12 in Unarmed Combat
  7415 | D:9      | Noticed a two-headed ogre
  7423 | D:9      | Killed a two-headed ogre
  7605 | D:9      | Found a bloodstained altar of Trog.
  7615 | D:9      | Reached ***** piety under Trog
  7794 | D:9      | Reached skill level 5 in Throwing
  7822 | D:9      | Noticed a two-headed ogre
  7832 | D:9      | Killed a two-headed ogre
  7833 | D:9      | Reached skill level 13 in Unarmed Combat
  8233 | D:10     | Entered Level 10 of the Dungeon
  8397 | D:10     | Reached XP level 11. HP: 95/104 MP: 10/10
  8407 | D:10     | Found a flagged portal.
  8412 | Bailey   | Entered a bailey
  8596 | Bailey   | Noticed an orc knight
  8606 | Bailey   | Killed an orc knight
  8672 | Bailey   | Noticed an orc knight
  8684 | Bailey   | Killed an orc knight
  8685 | Bailey   | Reached skill level 1 in Shields
  8822 | D:10     | Found Rowiapp's Antique Weapon Shop.
  9053 | D:10     | Found a staircase to the Orcish Mines.
  9201 | D:10     | Found a staircase to the Lair.
  9801 | D:11     | Reached skill level 14 in Unarmed Combat
  9915 | Lair:1   | Entered Level 1 of the Lair of Beasts
 10214 | Lair:1   | Reached skill level 5 in Shields
 10671 | Lair:2   | Received a gift from Trog
 10675 | Lair:2   | Reached XP level 12. HP: 98/114 MP: 11/11
 10713 | Lair:2   | Found a frozen archway.
 11251 | Lair:2   | Found a hole to the Spider Nest.
 11263 | IceCv    | Entered an ice cave
 11962 | IceCv    | Reached skill level 15 in Unarmed Combat
 12715 | Lair:3   | Received a gift from Trog
 12745 | Lair:3   | Killed from afar by a rime drake

Illustrated notes

Levels and vault maps discovered:
D:1:      dpeg_arrival_yet_another_circle, layout_basic,
          hellmonk_ecumenical_altar_crossroads, minmay_split_cup_small
D:2:      layout_basic
D:3:      layout_basic
D:4:      layout_basic, temple_pool_b
D:5:      layout_loops_corners, xom_butterflies, serial_shops,
          nicolae_shop_overgrown_old_shop, uniq_edmund
D:6:      layout_loops_cross, kennysheep_little_box,
          nicolae_overflow_hallway_of_the_gods, lightli_sewer_entry_pipes,
          uniq_menkaure
D:7:      layout_layer_cave, nicolae_elyvilon_peaceful_grove,
          grunt_temple_overflow_open, grunt_ministairs_15,
          hellmonk_guarded_unrand_lears, uniq_pikel
D:8:      layout_loops_corners, minmay_fractal_squares_diagonal_5
D:9:      layout_irregular_city, mainiacjoe_overflow_boulevard
D:10:     layout_loops_corners, lair_entry_dummy, erik_orc_2, serial_shops,
          nicolae_shop_statue_plus, enter_bailey_2
D:11:     layout_irregular_city, hangedman_decor_lopped
Lair:1:   layout_regular_city, roderic_batcave, infiniplex_staircase_pool_2
Lair:2:   layout_regular_city, nicolae_spider_entry_orb_guardian,
          portal_ice_cave_entry_imps, st_stairs_3
Lair:3:   gammafunk_lair_enchanted_lake, layout_chaotic_city,
          elwin_shoals_entry_rocks, nicolae_quartered_pool_medium

Skill      XL: |  1  2  3  4  5  6  7  8  9 10 11 12 |
---------------+-------------------------------------+-----
Unarmed Combat | 4 5 6 7 8 10 11 13 14 15 | 15.4
Fighting       | 3 4 5 6 |  6.3
Dodging        | 3 4 |  4.0
Throwing       | 2 3 5 6 |  6.0
Armour         | 2 4 |  4.0
Shields        | 6 8 |  8.0

Action                   |  1- 3 |  4- 6 |  7- 9 | 10-12 || total
-------------------------+-------+-------+-------+-------++-------
Melee: Unarmed           |    81 |    94 |   280 |   587 ||  1042
       Punch             |     1 |     1 |    11 |     4 ||    17
Throw: Boomerang         |       |       |       |    21 ||    21
       Dart              |       |       |       |     1 ||     1
Invok: Berserk           |       |     2 |     5 |    12 ||    19
  Use: Scroll            |     1 |       |    16 |     4 ||    21
 Stab: Sleeping          |       |     1 |     1 |       ||     2
Armor: Animal skin       |    30 |    26 |    40 |       ||    96
       Troll leather arm |       |       |    29 |   148 ||   177
Dodge: Dodged            |    38 |    32 |   116 |   252 ||   438
Block: Kite shield       |       |       |       |   165 ||   165
       Reflection        |       |       |       |     8 ||     8
